 Dungeon Crawl Stone Soup version 0.30-a0-924-g0ad0bf95bc (webtiles) character file.

Game seed: 17856809376611329371

900 Pimp the Magician (level 8, 0/58 HPs)
             Began as a Gnoll Wanderer on Mar 22, 2023.
             Slain by a sky beast (6 damage)
             ... on level 7 of the Dungeon.
             The game lasted 00:13:57 (4443 turns).

Pimp the Magician (Gnoll Wanderer)                  Turns: 4443, Time: 00:13:58

Health: 0/58       AC:  4    Str:  8    XL:     8   Next: 7%
Magic:  13/19      EV: 18    Int: 17    God:
Gold:   245        SH:  0    Dex: 12    Spells: 16/22 levels left

rFire   . . .      SeeInvis .    o - +3 long sword (freeze)
rCold   . . .      Faith    .    (no shield)
rNeg    . . .      Spirit   .    c - +0 robe
rPois   .          Reflect  .    l - +0 helmet
rElec   .          Rampage  .    d - +0 cloak
rCorr   .                        (no gloves)
Will    .....                    (no boots)
Stlth   +++                      (no amulet)
HPRegen 0.29/turn                q - +5 ring of evasion
MPRegen 0.16/turn                (no ring)

@: no status effects
A: fangs 1, strong nose, distributed training
a: no special abilities


You were on level 7 of the Dungeon.
You visited 1 branch of the dungeon, and saw 7 of its levels.

You collected 245 gold pieces.

Inventory:

Hand Weapons
 a - a +0 dagger
 f - a +0 shortbow of flaming
 h - a +2 short sword of speed
 m - a +2 flail of holy wrath
 o - a +3 long sword of freezing (weapon)
 p - a +0 long sword
Armour
 c - a +0 robe (worn)
 d - a +0 cloak (worn)
 e - a +0 leather armour
 l - a +0 helmet (worn)
Jewellery
 q - a +5 ring of evasion (left hand)
Scrolls
 b - 2 scrolls of blinking
 i - a scroll of teleportation
Potions
 g - 2 potions of curing
 j - a potion of invisibility
 k - 2 potions of attraction
 n - a potion of brilliance {unknown}
 r - a potion of heal wounds


   Skills:
 + Level 3.0 Fighting
 + Level 3.0 Short Blades
 + Level 3.0 Long Blades
 + Level 3.0 Axes
 + Level 3.0 Maces & Flails
 + Level 3.0 Polearms
 + Level 3.0 Staves
 + Level 3.0 Ranged Weapons
 + Level 3.0 Throwing
 + Level 3.0 Armour
 + Level 4.0 Dodging
 + Level 5.2 Stealth
 + Level 3.0 Shields
 + Level 3.0 Unarmed Combat
 + Level 7.8 Spellcasting
 + Level 2.4 Conjurations
 + Level 2.4 Hexes
 + Level 2.4 Summonings
 + Level 2.4 Necromancy
 + Level 2.4 Translocations
 + Level 2.4 Transmutations
 + Level 6.0 Fire Magic
 + Level 2.4 Ice Magic
 + Level 2.4 Air Magic
 + Level 2.4 Earth Magic
 + Level 2.4 Poison Magic
 + Level 3.3 Invocations
 + Level 4.0 Evocations


You had 16 spell levels left.
You knew the following spells:

 Your Spells              Type           Power      Damage    Failure   Level
a - Foxfire               Conj/Fire      84%        2x1d8     1%          1
b - Scorch                Fire           54%        2d7       1%          2
c - Inner Flame           Hex/Fire       21%        N/A       5%          3

Your spell library contained the following spells:

 Spells                   Type           Power      Damage    Failure   Level
 Summon Small Mammal      Summ           60%        N/A       3%          1
 Hailstorm                Conj/Ice       15%        3d5       12%         3
 Summon Guardian Golem    Hex/Summ       15%        N/A       12%         3
 Animate Dead             Necr           15%        N/A       36%         4
 Ice Form                 Ice/Tmut       15%        N/A       36%         4
 Borgnjor's Vile Clutch   Necr/Erth      7%         N/A       71%         5
 Death Channel            Necr           7%         N/A       99%         6
 Simulacrum               Ice/Necr       7%         N/A       99%         6


Dungeon Overview and Level Annotations

Branches:
Dungeon (8/15)
 Temple: D:4-7         Lair: D:8-11

Altars:
Ashenzari
Vehumet

Annotations:
D:7 1 transporter


Innate Abilities, Weirdness & Mutations

You have very sharp teeth.
Your uncanny sense of smell can sniff out nearby items.
Your experience applies equally to all skills.


Message History

Your Long Blades skill increases to level 3!
Your Axes skill increases to level 3!
Your Maces & Flails skill increases to level 3!
Your Polearms skill increases to level 3!
Your Staves skill increases to level 3!
Your Ranged Weapons skill increases to level 3!
Your Throwing skill increases to level 3!
Your Armour skill increases to level 3!
Your Dodging skill increases to level 4!
Your Shields skill increases to level 3!
Your Unarmed Combat skill increases to level 3!
Your Evocations skill increases to level 4!
You have reached level 8!
You feel clever.
You feel much better. The hound closely misses you.
Something hits you but does no damage.
You hit the hound. You freeze the hound. You bite the hound, but do no damage.
The hound is lightly wounded.
The hound barely misses you. Something barely misses you.
You hit the hound. You freeze the hound.
The hound is moderately wounded.
The hound bites you. The hound misses you. Something hits you.
Something shocks you. The hound completely misses you. Something hits you.
Something shocks you. The hound completely misses you.
You hit the hound. You freeze the hound. You bite the hound.
The hound is heavily wounded.
The hound closely misses you. Something hits you. Something shocks you.
The hound bites you.
You completely miss something. The jelly hits you but does no damage.
Something hits you.
* * * LOW HITPOINT WARNING * * *
Something shocks you.
* * * LOW HITPOINT WARNING * * *
The hound bites you.
* * * LOW HITPOINT WARNING * * *
Something hits you.
* * * LOW HITPOINT WARNING * * *
Something shocks you.
You die...

...
########
.?.... .<
..... ...
.... ....
##..##..##
##........#
#...J......
#..@h......
##........#
#.....>..#
#..........
#..........
##........#
##..##..##
#### #...
###


You could see a hound and a jelly.

Vanquished Creatures
  A black bear (D:7)
  A sky beast (D:7)
  An ogre (D:5)
  A centaur (D:5)
  2 scorpions
  3 wights (D:7)
  A howler monkey (D:5)
  A hound (D:5)
  2 orc wizards
  A gnoll (D:7)
  6 adders
  An ufetubus (D:5)
  2 worms
  A dart slug (D:3)
  8 orcs
  5 endoplasms
  5 giant cockroaches
  11 goblins
  9 hobgoblins
  8 jackals
  4 quokkas
  3 ball pythons
  3 bats
  4 frilled lizards
  6 kobolds
  A rat (D:3)
91 creatures vanquished.

Vanquished Creatures (others)
  106 foxfires
  5 plants (D:7)
111 creatures vanquished.

Grand Total: 202 creatures vanquished

Notes
Turn   | Place    | Note
-------+----------+-------------------------------------------
     0 | D:1      | Pimp the Gnoll Wanderer began the quest for the Orb.
     0 | D:1      | Pimp set off with the following items: a +0 dagger, a
                  | scroll of blinking, a +0 robe, a +0 cloak; and the
                  | following spells available to memorise: Scorch, Foxfire,
                  | Summon Small Mammal, Inner Flame, Summon Guardian Golem.
     0 | D:1      | Reached XP level 1. HP: 13/13 MP: 8/8
     2 | D:1      | Learned a level 1 spell: Foxfire
   159 | D:1      | Reached XP level 2. HP: 10/19 MP: 7/10
   759 | D:1      | Reached XP level 3. HP: 24/25 MP: 11/11
   866 | D:2      | Reached skill level 1 in Invocations
  1053 | D:2      | Found a faded altar of an unknown god.
  1054 | D:2      | Noticed an eye of devastation
  1066 | D:2      | Noticed a great orb of eyes
  1066 | D:2      | Noticed an eye of devastation
  1066 | D:2      | Noticed a golden eye
  1089 | D:2      | Reached skill level 1 in Fighting
  1089 | D:2      | Reached skill level 1 in Short Blades
  1089 | D:2      | Reached skill level 1 in Long Blades
  1089 | D:2      | Reached skill level 1 in Axes
  1089 | D:2      | Reached skill level 1 in Maces & Flails
  1089 | D:2      | Reached skill level 1 in Polearms
  1089 | D:2      | Reached skill level 1 in Staves
  1089 | D:2      | Reached skill level 1 in Ranged Weapons
  1089 | D:2      | Reached skill level 1 in Throwing
  1089 | D:2      | Reached skill level 1 in Armour
  1089 | D:2      | Reached skill level 1 in Shields
  1089 | D:2      | Reached skill level 1 in Unarmed Combat
  1488 | D:3      | Reached XP level 4. HP: 30/32 MP: 9/13
  1932 | D:3      | Reached skill level 1 in Conjurations
  1932 | D:3      | Reached skill level 1 in Hexes
  1932 | D:3      | Reached skill level 1 in Summonings
  1932 | D:3      | Reached skill level 1 in Necromancy
  1932 | D:3      | Reached skill level 1 in Translocations
  1932 | D:3      | Reached skill level 1 in Transmutations
  1932 | D:3      | Reached skill level 1 in Ice Magic
  1932 | D:3      | Reached skill level 1 in Air Magic
  1932 | D:3      | Reached skill level 1 in Earth Magic
  1932 | D:3      | Reached skill level 1 in Poison Magic
  2290 | D:4      | Noticed a scorpion
  2307 | D:4      | Killed a scorpion
  2308 | D:4      | Reached XP level 5. HP: 21/37 MP: 8/14
  2575 | D:4      | Learned a level 2 spell: Scorch
  2579 | D:4      | Learned a level 3 spell: Inner Flame
  3050 | D:4      | Found a broken altar of Ashenzari.
  3626 | D:5      | Entered Level 5 of the Dungeon
  3753 | D:5      | Noticed an ogre
  3763 | D:5      | Killed an ogre
  3764 | D:5      | Reached XP level 6. HP: 44/44 MP: 11/16
  4068 | D:5      | Reached XP level 7. HP: 25/51 MP: 6/18
  4152 | D:5      | You fall into a shaft and drop 3 floors!
  4183 | D:7      | Reached skill level 5 in Stealth
  4236 | D:7      | Found a radiant altar of Vehumet.
  4404 | D:7      | Found a transporter.
  4438 | D:7      | Reached XP level 8. HP: 11/58 MP: 12/19
  4443 | D:7      | Slain by a sky beast

Illustrated notes

Levels and vault maps discovered:
D:1:      minmay_arrival_semitransparent, layout_basic, corexii_leaking_fountain
D:2:      layout_rooms, hellmonk_ecumenical_altar_watching_god
D:3:      cheibrodos_greedy_goblins, layout_basic
D:4:      layout_layer_cave, nicolae_overflow_hidden_temple
D:5:      layout_basic, serial_co_window_serial, co_window_of_opportunity_a,
          co_window_paths_b, co_window_paths_a, co_window_paths_a,
          co_window_corner_a, co_window_corner_ca, co_window_broadway_c,
          co_window_corner_cb, co_window_broadway_c, co_window_broadway_b,
          co_window_2corner, glass_columns_c, glass_columns_b
D:7:      layout_basic, mainiacjoe_overflow_alcove_4,
          gammafunk_ghost_abyssal_escape, hangedman_decor_clover_reticule,
          interstate_on_off, serial_bayou_pond_c, nrook_campfire, st_stairs_5
D:8:      layout_basic, trog_hazing_becter, gammafunk_ghost_cemetery,
          uniq_maggie, uniq_erica

Skill      XL: |  1  2  3  4  5  6  7 |
---------------+----------------------+-----
Invocations    | 1 2 3 |  3.3
Fighting       | 1 2 3 |  3.0
Short Blades   | 1 2 3 |  3.0
Long Blades    | 1 2 3 |  3.0
Axes           | 1 2 3 |  3.0
Maces & Flails | 1 2 3 |  3.0
Polearms       | 1 2 3 |  3.0
Staves         | 1 2 3 |  3.0
Ranged Weapons | 1 2 3 |  3.0
Throwing       | 1 2 3 |  3.0
Armour         | 1 2 3 |  3.0
Shields        | 1 2 3 |  3.0
Unarmed Combat | 1 2 3 |  3.0
Conjurations   | 1 2 |  2.4
Hexes          | 1 2 |  2.4
Summonings     | 1 2 |  2.4
Necromancy     | 1 2 |  2.4
Translocations | 1 2 |  2.4
Transmutations | 1 2 |  2.4
Ice Magic      | 1 2 |  2.4
Air Magic      | 1 2 |  2.4
Earth Magic    | 1 2 |  2.4
Poison Magic   | 1 2 |  2.4
Dodging        | 3 4 |  4.0
Evocations     | 3 4 |  4.0
Stealth        | 5 |  5.2
Fire Magic     | 6 |  6.0
Spellcasting   | |  7.8

Action                     |  1- 3 |  4- 6 |  7- 9 || total
---------------------------+-------+-------+-------++-------
  Melee: Dagger            |    11 |       |       ||    11
         Short sword       |    42 |   114 |     4 ||   160
         Bite              |     5 |    12 |     4 ||    21
         Punch             |       |     2 |       ||     2
         Flail             |       |       |    23 ||    23
         Long sword        |       |       |    14 ||    14
   Cast: Foxfire           |    24 |    45 |     4 ||    73
         Scorch            |       |    10 |    10 ||    20
         Inner Flame       |       |     1 |       ||     1
    Use: Scroll            |       |     8 |     1 ||     9
         Potion            |       |       |     3 ||     3
   Stab: Sleeping          |     4 |     7 |     1 ||    12
 Armour: Robe              |    16 |    13 |     9 ||    38
  Dodge: Dodged            |    28 |    81 |    68 ||   177

Table legend: (Time is in decaauts)
 A = Elapsed time spent in this place.
 B = Non-inter-level travel time spent in this place.
 C = Inter-level travel time spent in this place.
 D = Time resting spent in this place.
 E = Time spent auto-exploring this place.
 F = Levels seen in this place.
 G = Mean time per level.
                   A        B        C        D        E       F      G
               +--------+--------+--------+--------+--------+-----+--------+
         Total |   4387 |   4263 |    124 |    646 |   2744 |   7 |  626.7 |
       Dungeon |   4387 |   4263 |    124 |    646 |   2744 |   7 |  626.7 |
               +--------+--------+--------+--------+--------+-----+--------+

Top non-repeatable levels by time:
     D:4: 1334 daAuts
     D:1: 851 daAuts
     D:3: 789 daAuts
     D:2: 601 daAuts
     D:5: 513 daAuts
     D:7: 293 daAuts
     D:8: 3 daAuts
